 Dungeon Crawl Stone Soup version 0.31.0-11-ge490571c62 (webtiles) character file.

Game seed: 1959396213423074482

973 Peloso the Covered (level 7, -5/63 HPs)
             Began as a Minotaur Fighter on Feb 7, 2024.
             Was an Initiate of Okawaru.
             Splashed by a jelly's acid (10 damage)
             ... on level 5 of the Dungeon.
             The game lasted 00:07:05 (3887 turns).

Peloso the Covered (Minotaur Fighter)               Turns: 3887, Time: 00:07:07

Health: -5/63      AC: -14   Str: 20    XL:     7   Next: 94%
Magic:  6/6        EV: 15    Int:  5    God:    Okawaru [......]
Gold:   253        SH:  5    Dex: 12    Spells: 6/6 levels left

rFire   . . .        a - +1 long sword
rCold   . . .        c - +0 buckler
rNeg    + . .        b - +0 scale mail
rPois   .            (helmet restricted)
rElec   .            t - +0 cloak
rCorr   .            (no gloves)
SInv    .            (no boots)
Will    .....        (no amulet) Stlth
                     e - ring of positive energy
HPRegen 0.30/turn    g - +5 ring of evasion
MPRegen 0.10/turn

%: no passive effects
@: corroded
A: horns 2, retaliatory headbutt
a: Renounce Religion


You were on level 5 of the Dungeon.
You worshipped Okawaru.
Okawaru was noncommittal.
You visited 2 branches of the dungeon, and saw 6 of its levels.

You collected 253 gold pieces.

Inventory:

Hand Weapons
 a - a +1 long sword (weapon)
Missiles
 q - 2 throwing nets (quivered)
Armour
 b - a +0 scale mail (worn)
 c - a +0 buckler (worn)
 t - a +0 cloak (worn)
Jewellery
 e - a ring of positive energy (left hand)
 g - a +5 ring of evasion (right hand)
Wands
 o - a wand of polymorph (10)
 p - a wand of roots (8)
 s - a wand of quicksilver (6)
Scrolls
 h - a scroll of enchant weapon
 l - a scroll of revelation
 m - a scroll of silence
 n - a scroll of teleportation
Potions
 d - a potion of might
 f - a potion of attraction
 i - 2 potions of ambrosia
 j - a potion of resistance
 k - a potion of berserk rage
 r - 2 potions of curing


   Skills:
 + Level 6.0 Fighting
 + Level 6.7 Long Blades
 + Level 6.7 Armour
 + Level 2.4 Dodging
 + Level 0.5 Stealth
 + Level 5.0 Shields


You had 6 spell levels left.
You didn't know any spells.
Your spell library contained the following spells:

 Spells                   Type           Power      Damage    Failure   Level
 Mercury Vapours          Alch/Air       0%         N/A       95%         2
 Sublimation of Blood     Necr           0%         N/A       95%         2
 Mephitic Cloud           Conj/Alch/Air  0%         N/A       99%         3
 Anguish                  Hex/Necr       0%         N/A       100%        4
 Cause Fear               Hex            0%         N/A       100%        4
 Freezing Cloud           Conj/Ice/Air   0%         6-21      100%        5
 Enfeeble                 Hex            0%         N/A       100%        7
 Call Imp                 Summ           Unusable   N/A       N/A         2
 Summon Hydra             Summ           Unusable   N/A       N/A         7

Dungeon Overview and Level Annotations

Branches:
Dungeon (5/15)             Temple (1/1) D:5

Altars:
Cheibriados
Dithmenos
Elyvilon
Gozag
Hepliaklqana
Makhleb
Nemelex Xobeh
Okawaru
Ru
Trog
Xom
The Shining One


Innate Abilities, Weirdness & Mutations

You have a pair of horns on your head.
You reflexively headbutt those who attack you in melee.


Message History

The jelly is severely wounded.
The jelly hits you. The acid corrodes you!
You are splashed with acid!
You hit the jelly but do no damage.
Your hands burn!
The jelly is severely wounded.
The jelly misses you.
You hit the jelly but do no damage. The acid corrodes you!
Your hands burn!
You headbutt the jelly, but do no damage.
The jelly is severely wounded.
The jelly barely misses you.
You hit the jelly.
Your hands burn!
You headbutt the jelly, but do no damage.
The jelly is almost dead.
The jelly misses you.
You hit the jelly but do no damage. The acid corrodes you!
Your hands burn!
You headbutt the jelly, but do no damage.
The jelly is almost dead.
The jelly jiggles.
The jelly misses you. You furiously retaliate!
You headbutt the jelly, but do no damage.
You hit the jelly but do no damage. The acid corrodes you!
Your hands burn!
The jelly is almost dead.
The jelly misses you. You furiously retaliate!
You headbutt the jelly, but do no damage.
You barely miss the jelly.
The jelly is almost dead.
The jelly misses you. The jelly barely misses you.
You hit the jelly but do no damage.
Your hands burn!
The jelly is almost dead.
The jelly hits you.
* * * LOW HITPOINT WARNING * * *
You are splashed with acid!
* * * LOW HITPOINT WARNING * * *
You hit the jelly but do no damage.
Your hands burn!
* * * LOW HITPOINT WARNING * * *
You headbutt the jelly, but do no damage.
The jelly is almost dead.
The jelly hits you.
* * * LOW HITPOINT WARNING * * *
The acid corrodes you!
You are splashed with acid!
You die...

### ###############.#####
....................#
###############.###.# #.@J..#
#.##### ######... .# #####
#...##..########## .#
...<######...##..#........#..#
######.......##.........#.#..#
....##.......###.#.##.###.#..# .
....+..........†.#.#.........#.#
....##.....#######.#..##.......#


You could see a jelly.

Vanquished Creatures
  Sigmund (D:2)
  Edmund (D:4)
  A water moccasin (D:5)
  2 kobold brigands (D:4)
  A howler monkey (D:5)
  3 jellies
  A hound (D:5)
  An iguana (D:3)
  Natasha (thrice) (D:3)
  Robin (D:3)
  3 gnolls (D:5)
  4 adders
  A ribbon worm (D:2)
  7 orcs
  4 ball pythons
  5 endoplasms
  4 giant cockroaches
  22 goblins
  7 hobgoblins
  5 quokkas
  3 bats (D:1)
  A frilled lizard (D:3)
  33 kobolds
  10 rats
124 creatures vanquished.

Notes
Turn   | Place    | Note
-------+----------+-------------------------------------------
     0 | D:1      | Peloso the Minotaur Fighter began the quest for the Orb.
     0 | D:1      | Reached XP level 1. HP: 19/19 MP: 0/0
   111 | D:1      | Reached XP level 2. HP: 24/27 MP: 1/1
   476 | D:1      | Reached XP level 3. HP: 33/33 MP: 2/2
   791 | D:2      | Noticed Sigmund
   908 | D:2      | Killed Sigmund
   909 | D:2      | Reached skill level 5 in Armour
   909 | D:2      | Reached skill level 1 in Dodging
   909 | D:2      | Reached XP level 4. HP: 35/41 MP: 3/3
   909 | D:2      | Reached XP level 5. HP: 40/47 MP: 4/4
  1073 | D:2      | Found a faded altar of an unknown god.
  1340 | D:3      | Noticed Natasha
  1347 | D:3      | Killed Natasha
  1413 | D:3      | Reached skill level 5 in Long Blades
  1413 | D:3      | Reached XP level 6. HP: 38/55 MP: 5/5
  1507 | D:3      | Found a snail-covered altar of Cheibriados.
  1508 | D:3      | Noticed Natasha
  1513 | D:3      | Killed Natasha
  1514 | D:3      | Reached skill level 5 in Fighting
  1644 | D:3      | Noticed Natasha
  1664 | D:3      | Killed Natasha
  1759 | D:3      | Found a hazy altar of Hepliaklqana.
  2133 | D:4      | Noticed Robin
  2186 | D:3      | Killed Robin
  2468 | D:4      | Noticed Edmund
  2478 | D:4      | Killed Edmund
  2479 | D:4      | Reached XP level 7. HP: 55/61 MP: 6/6
  3127 | D:4      | Found a bloodstained altar of Trog.
  3388 | D:5      | Entered Level 5 of the Dungeon
  3388 | D:5      | Found a staircase to the Ecumenical Temple.
  3411 | Temple   | Entered the Ecumenical Temple
  3444 | Temple   | Became a worshipper of Warmaster Okawaru
  3648 | D:5      | Reached skill level 5 in Shields
  3887 | D:5      | Splashed by a jelly's acid

Illustrated notes

Levels and vault maps discovered:
D:1:      moated_graveyard_arrival, layout_loops_ring, minivault_4
D:2:      layout_rooms, shapermc_ecumenical_altar_notcrosses,
          minmay_pentomino_z2, uniq_sigmund
D:3:      layout_basic, mainiacjoe_overflow_six_doors_small, old_standard_altar,
          uniq_natasha
D:4:      kennysheep_kobold_camp, layout_basic, lemuel_doored_altar,
          lexackson_kobold_supper, uniq_edmund, uniq_robin
D:5:      layout_basic, minmay_temple_entry_statues_fountains
Temple:   compressed_dpeg_triangle_lava_temple

Skill      XL: |  1  2  3  4  5  6  7 |
---------------+----------------------+-----
Armour         | 4 5 6 |  6.7
Fighting       | 4 5 6 |  6.0
Long Blades    | 4 5 6 |  6.7
Dodging        | 1 2 |  2.4
Shields        | 4 5 |  5.0
Stealth        | |  0.5

Action                     |  1- 3 |  4- 6 |  7- 9 || total
---------------------------+-------+-------+-------++-------
  Melee: Long sword        |    91 |    82 |   134 ||   307
         Headbutt          |     7 |    11 |    27 ||    45
         Unarmed           |       |    16 |       ||    16
    Use: Potion            |     3 |     2 |       ||     5
         Scroll            |     3 |     3 |       ||     6
 Armour: Scale mail        |    76 |    88 |    82 ||   246
         Skin              |       |     6 |       ||     6
  Dodge: Dodged            |    49 |    73 |    71 ||   193
  Block: Buckler           |    23 |    31 |    34 ||    88
